| TOP OF THE 1ST |
|
Arizona Diamondbacks batting - Pitching for Philadelphia Phillies : RHP James Woods Jr.
|
|
Pitching: RHP James Woods Jr.
|
|
|
Batting: RHB Andy Swaim
|
0-0: Swinging Strike 0-1: Ball 1-1: SOLO HOME RUN (Flyball, 7D, EV 100.0 MPH), Distance : 413 ft
|
|
Batting: RHB Katilimomi Kelekolio
|
0-0: SINGLE (Groundball, 34D, EV 95.6 MPH)
|
|
Batting: SHB Alec Thorpe
|
0-0: Ball 1-0: DOUBLE (Groundball, 3L, EV 100.6 MPH) Katilimomi Kelekolio to third Runner from 3rd tries for Home, SAFE, throw by RF to trailing runner, SAFE at third!
|
|
Batting: SHB Perry Tuckfard
|
0-0: Ball 1-0: Ball 2-0: Fly out, F8 (Flyball, 8RD, EV 106.2 MPH) Runner from 3rd tags up, SCORES, throw by CF
|
|
Batting: LHB Joel Kunkler
|
0-0: Ball 1-0: Foul Ball, location: 2F 1-1: Swinging Strike 1-2: Ball 2-2: Fly out, F8 (Line Drive, 89M, EV 96.2 MPH)
|
|
Batting: RHB Jim Zucco
|
0-0: Ground out 6-3 (Groundball, 6, EV 104.4 MPH)
|
| Top of the 1st over - 3 runs, 3 hits, 0 errors, 0 left on base; Arizona 3 - Philadelphia 0 |
| BOTTOM OF THE 1ST |
|
Philadelphia Phillies batting - Pitching for Arizona Diamondbacks : LHP Murphy Quirk
|
|
Pitching: LHP Murphy Quirk
|
|
|
Batting: SHB Lance Franklin
|
0-0: Called Strike 0-1: Ball 1-1: Ball 2-1: Foul Ball, location: 2F 2-2: Hit by Pitch
|
|
Batting: RHB Chef Belew
|
0-0: Ball 1-0: Ball 2-0: Ball 3-0: Called Strike 3-1: Grounds into double play, 5-4-3 (Groundball, 56, EV 110.6 MPH)
|
|
Batting: LHB Osamu Kubo
|
0-0: Called Strike 0-1: Fly out, F9 (Flyball, 9D, EV 96.2 MPH)
|
| Bottom of the 1st over - 0 runs, 0 hits, 0 errors, 0 left on base; Arizona 3 - Philadelphia 0 |
| TOP OF THE 2ND |
|
Arizona Diamondbacks batting - Pitching for Philadelphia Phillies : RHP James Woods Jr.
|
|
Batting: LHB Roy Steigerwald
|
0-0: Called Strike 0-1: Ball 1-1: Ball 2-1: Ground out 4-3 (Groundball, 4, EV 83.8 MPH)
|
|
Batting: LHB Kyle Beaulieu
|
0-0: Called Strike 0-1: Called Strike 0-2: Strikes out looking
|
|
Batting: LHB Mike Mentzer
|
0-0: Called Strike 0-1: Ball 1-1: Ball 2-1: Ball 3-1: SINGLE (Groundball, 6MD, EV 104.4 MPH)
|
|
Batting: RHB Andy Swaim
|
0-0: Foul Ball, location: 2F 0-1: Ground out 6-3 (Groundball, 56, EV 106.9 MPH)
|
| Top of the 2nd over - 0 runs, 1 hit, 0 errors, 1 left on base; Arizona 3 - Philadelphia 0 |
| BOTTOM OF THE 2ND |
|
Philadelphia Phillies batting - Pitching for Arizona Diamondbacks : LHP Murphy Quirk
|
|
Batting: RHB Josh Hensley
|
0-0: Ball 1-0: Ball 2-0: Called Strike 2-1: Fly out, F8 (Flyball, 8LD, EV 91.2 MPH)
|
|
Batting: LHB Ryan Trombley
|
0-0: Foul Ball, location: 2F 0-1: Foul Ball, location: 2F 0-2: Ball 1-2: Foul Ball, location: 2F 1-2: Foul Ball, location: 2F 1-2: Ball 2-2: Foul Ball, location: 2F 2-2: Ball 3-2: Ground out 4-3 (Groundball, 4, EV 85.6 MPH)
|
|
Batting: LHB Cody Schumacher
|
0-0: Ball 1-0: Ball 2-0: Called Strike 2-1: Foul Ball, location: 2F 2-2: Strikes out swinging
|
| Bottom of the 2nd over - 0 runs, 0 hits, 0 errors, 0 left on base; Arizona 3 - Philadelphia 0 |
| TOP OF THE 3RD |
|
Arizona Diamondbacks batting - Pitching for Philadelphia Phillies : RHP James Woods Jr.
|
|
Batting: RHB Katilimomi Kelekolio
|
0-0: Foul Ball, location: 2F 0-1: Ground out 5-3 (Groundball, 56S, EV 68.1 MPH)
|
|
Batting: SHB Alec Thorpe
|
0-0: Ball 1-0: Called Strike 1-1: Called Strike 1-2: Ball 2-2: Foul Ball, location: 2F 2-2: Ball 3-2: Base on Balls
|
|
Batting: SHB Perry Tuckfard
|
0-0: Called Strike 0-1: Fielders Choice at 2nd, 4-6 (Groundball, 34S, EV 83.1 MPH)
|
|
Batting: LHB Joel Kunkler
|
0-0: Foul Ball, location: 2F 0-1: Called Strike 0-2: Strikes out swinging
|
| Top of the 3rd over - 0 runs, 0 hits, 0 errors, 1 left on base; Arizona 3 - Philadelphia 0 |
| BOTTOM OF THE 3RD |
|
Philadelphia Phillies batting - Pitching for Arizona Diamondbacks : LHP Murphy Quirk
|
|
Batting: LHB Mike Davis
|
0-0: Foul Ball, location: 2F 0-1: Ball 1-1: Foul Ball, location: 2F 1-2: Ball 2-2: Strikes out looking
|
|
Batting: LHB Jim Beaver
|
0-0: Called Strike 0-1: Ball 1-1: Foul Ball, location: 2F 1-2: Ball 2-2: Ball 3-2: Fly out, F8 (Flyball, 8LXD, EV 110.0 MPH)
|
|
Batting: LHB Nick Canizales
|
0-0: Ball 1-0: Foul Ball, location: 2F 1-1: SINGLE (Groundball, 4M, EV 108.8 MPH) (infield hit)
|
|
Pitching: RHP Cody Savastand
|
|
|
Batting: SHB Lance Franklin
|
0-0: Called Strike 0-1: Foul Ball, location: 2F 0-2: Ground out U3 (Groundball, 3, EV 95.6 MPH)
|
| Bottom of the 3rd over - 0 runs, 1 hit, 0 errors, 1 left on base; Arizona 3 - Philadelphia 0 |
| TOP OF THE 4TH |
|
Arizona Diamondbacks batting - Pitching for Philadelphia Phillies : RHP James Woods Jr.
|
|
Pitching: RHP Marcos Tapia
|
|
|
Batting: RHB Jim Zucco
|
0-0: Fly out, F3 (Line Drive, 34, EV 63.1 MPH)
|
|
Batting: LHB Roy Steigerwald
|
0-0: Ground out 4-3 (Groundball, 4, EV 103.8 MPH)
|
|
Batting: LHB Kyle Beaulieu
|
0-0: Ball 1-0: Swinging Strike 1-1: Ball 2-1: Ball 3-1: Ground out 4-3 (Groundball, 34, EV 84.4 MPH)
|
| Top of the 4th over - 0 runs, 0 hits, 0 errors, 0 left on base; Arizona 3 - Philadelphia 0 |
| BOTTOM OF THE 4TH |
|
Philadelphia Phillies batting - Pitching for Arizona Diamondbacks : RHP Cody Savastand
|
|
Pitching: RHP Jeff Whaley
|
|
|
Batting: RHB Chef Belew
|
0-0: Ball 1-0: Called Strike 1-1: Fly out, F9 (Flyball, 89D, EV 95.0 MPH)
|
|
Batting: LHB Osamu Kubo
|
0-0: Ball 1-0: Swinging Strike 1-1: Ball 2-1: Foul Ball, location: 2F 2-2: Ball 3-2: Strikes out swinging
|
|
Batting: RHB Josh Hensley
|
0-0: Swinging Strike 0-1: Ball 1-1: DOUBLE (Line Drive, 5D, EV 110.6 MPH)
|
|
Batting: LHB Ryan Trombley
|
0-0: Called Strike 0-1: Ball 1-1: Called Strike 1-2: Ball 2-2: Strikes out swinging passed ball, reaches first! Josh Hensley to third
|
|
Batting: LHB Cody Schumacher
|
0-0: Called Strike 0-1: Called Strike 0-2: Ball 1-2: Fielders Choice at 2nd, 6-4 (Groundball, 6, EV 85.0 MPH)
|
| Bottom of the 4th over - 0 runs, 1 hit, 0 errors, 2 left on base; Arizona 3 - Philadelphia 0 |
| TOP OF THE 5TH |
|
Arizona Diamondbacks batting - Pitching for Philadelphia Phillies : RHP Marcos Tapia
|
|
Pitching: RHP Brian Thomas
|
|
|
Now at C: Benjamin Brown
|
|
|
Now at 1B: Phuck II
|
|
|
Now at 3B: Jim Beaver
|
|
|
Now at SS: Mark Schultz
|
|
|
Now in LF: Moritake Fukumoto
|
|
|
Now in CF: Danny Hill
|
|
|
Now in RF: Alberto Ramirez
|
|
|
Batting: LHB Mike Mentzer
|
0-0: Foul Ball, location: 2F 0-1: Foul Ball, location: 2F 0-2: Strikes out swinging
|
|
Pinch Hitting: SHB Warren Eisner
|
0-0: Called Strike 0-1: Swinging Strike 0-2: Strikes out swinging
|
|
Pinch Hitting: RHB Marlon Reda
|
0-0: SINGLE (Line Drive, 8LS, EV 109.4 MPH)
|
|
Batting: SHB Alec Thorpe
|
0-0: Ball 1-0: Ball 2-0: Called Strike 2-1: TRIPLE (Flyball, 89XD, EV 112.5 MPH) Marlon Reda scores
|
|
Pinch Hitting: RHB Dusty Thompson
|
0-0: Called Strike 0-1: Ground out 6-3 (Groundball, 6, EV 106.2 MPH)
|
| Top of the 5th over - 1 run, 2 hits, 0 errors, 1 left on base; Arizona 4 - Philadelphia 0 |
| BOTTOM OF THE 5TH |
|
Philadelphia Phillies batting - Pitching for Arizona Diamondbacks : RHP Jeff Whaley
|
|
Now at 1B: Dusty Thompson
|
|
|
Now at 2B: Warren Eisner
|
|
|
Now at 3B: Steve Reinhart
|
|
|
Now at SS: Marlon Reda
|
|
|
Now in RF: Salvador Aragon
|
|
|
Batting: LHB Mike Davis
|
0-0: Ball 1-0: Foul Ball, location: 2F 1-1: Foul Ball, location: 2F 1-2: Foul Ball, location: 2F 1-2: Ball 2-2: Ground out 4-3 (Groundball, 4, EV 101.2 MPH)
|
|
Batting: LHB Jim Beaver
|
0-0: Ground out 3-1 (Groundball, 34S, EV 91.2 MPH)
|
|
Batting: LHB Nick Canizales
|
0-0: Ball 1-0: Foul Ball, location: 2F 1-1: Foul Ball, location: 2F 1-2: Ground out 6-3 (Groundball, P, EV 83.1 MPH)
|
| Bottom of the 5th over - 0 runs, 0 hits, 0 errors, 0 left on base; Arizona 4 - Philadelphia 0 |
| TOP OF THE 6TH |
|
Arizona Diamondbacks batting - Pitching for Philadelphia Phillies : RHP Brian Thomas
|
|
Pitching: RHP Lucas McPhillie
|
|
|
Now at 2B: Jose Carlos
|
|
|
Now at 3B: Bill Moldenhauer
|
|
|
Batting: SHB Salvador Aragon
|
0-0: Ball 1-0: Called Strike 1-1: Foul Ball, location: 2F 1-2: Ball 2-2: Fly out, F6 (Flyball, 6MD, EV 89.4 MPH)
|
|
Batting: LHB Steve Reinhart
|
0-0: Ball 1-0: Ball 2-0: Called Strike 2-1: Foul Ball, location: 2F 2-2: Ball 3-2: Strikes out looking
|
|
Pinch Hitting: RHB Ji-an Li
|
0-0: Ball 1-0: Foul Ball, location: 2F 1-1: Called Strike 1-2: Foul Ball, location: 2F 1-2: Ball 2-2: Strikes out swinging
|
| Top of the 6th over - 0 runs, 0 hits, 0 errors, 0 left on base; Arizona 4 - Philadelphia 0 |
| BOTTOM OF THE 6TH |
|
Philadelphia Phillies batting - Pitching for Arizona Diamondbacks : RHP Jeff Whaley
|
|
Pitching: RHP Adam Silbert
|
|
|
Now in LF: Ji-an Li
|
|
|
Batting: RHB Mark Schultz
|
0-0: Foul Ball, location: 2F 0-1: Swinging Strike 0-2: Ball 1-2: Strikes out looking
|
|
Batting: SHB Phuck II
|
0-0: Swinging Strike 0-1: Ball 1-1: Ball 2-1: Foul Ball, location: 2F 2-2: Ball 3-2: Ground out 3-1 (Groundball, 34, EV 87.5 MPH)
|
|
Batting: LHB Danny Hill
|
0-0: Called Strike 0-1: Ball 1-1: Foul Ball, location: 2F 1-2: Strikes out swinging
|
| Bottom of the 6th over - 0 runs, 0 hits, 0 errors, 0 left on base; Arizona 4 - Philadelphia 0 |
| TOP OF THE 7TH |
|
Arizona Diamondbacks batting - Pitching for Philadelphia Phillies : RHP Lucas McPhillie
|
|
Pitching: RHP Nick Turner
|
|
|
Batting: RHB Bob Najar
|
0-0: Ball 1-0: Ball 2-0: Ball 3-0: Called Strike 3-1: SINGLE (Line Drive, 4D, EV 105.0 MPH)
|
|
Pinch Hitting: LHB Jeff Densmore
|
0-0: Ball 1-0: Foul Ball, location: 2F 1-1: Swinging Strike 1-2: Ball 2-2: Ball 3-2: Grounds into double play, 5-4-3 (Groundball, 56, EV 108.8 MPH)
|
|
Batting: SHB Warren Eisner
|
0-0: Fly out, F8 (Flyball, 8LM, EV 90.6 MPH)
|
| Top of the 7th over - 0 runs, 1 hit, 0 errors, 0 left on base; Arizona 4 - Philadelphia 0 |
| BOTTOM OF THE 7TH |
|
Philadelphia Phillies batting - Pitching for Arizona Diamondbacks : RHP Adam Silbert
|
|
Pitching: LHP Chris Baran
|
|
|
Now in CF: Jeff Densmore
|
|
|
Batting: RHB Alberto Ramirez
|
0-0: Ball 1-0: Foul Ball, location: 2F 1-1: Foul Ball, location: 2F 1-2: Ground out 4-3 (Groundball, 4, EV 103.1 MPH)
|
|
Batting: SHB Benjamin Brown
|
0-0: Foul Ball, location: 2F 0-1: Foul Ball, location: 2F 0-2: SINGLE (Line Drive, 6MD, EV 94.4 MPH)
|
|
Batting: RHB Moritake Fukumoto
|
0-0: Called Strike 0-1: Swinging Strike 0-2: Strikes out swinging
|
|
Batting: RHB Carlos Morejon
|
0-0: Ball 1-0: Ball 2-0: Ball 3-0: Foul Ball, location: 2F 3-1: Foul Ball, location: 2F 3-2: Strikes out looking
|
| Bottom of the 7th over - 0 runs, 1 hit, 0 errors, 1 left on base; Arizona 4 - Philadelphia 0 |
| TOP OF THE 8TH |
|
Arizona Diamondbacks batting - Pitching for Philadelphia Phillies : RHP Nick Turner
|
|
Pitching: RHP Ben Clayton
|
|
|
Batting: RHB Marlon Reda
|
0-0: Ball 1-0: Called Strike 1-1: SINGLE (Groundball, 3D, EV 103.8 MPH)
|
|
Batting: SHB Alec Thorpe
|
0-0: Ball 1-0: Foul Ball, location: 2F 1-1: Swinging Strike 1-2: Strikes out swinging
|
|
Batting: RHB Dusty Thompson
|
0-0: Swinging Strike 0-1: Ball Wild Pitch! Marlon Reda to second 1-1: Ball 2-1: Swinging Strike 2-2: Strikes out swinging
|
|
Batting: SHB Salvador Aragon
|
0-0: Foul Ball, location: 2F 0-1: Ball 1-1: Ball 2-1: SINGLE (Groundball, 3D, EV 103.8 MPH) Marlon Reda to third Runner from 3rd tries for Home, SAFE, throw by RF to home
|
|
Batting: LHB Steve Reinhart
|
0-0: Ball 1-0: Called Strike 1-1: Swinging Strike 1-2: Foul Ball, location: 2F 1-2: Strikes out swinging
|
| Top of the 8th over - 1 run, 2 hits, 0 errors, 1 left on base; Arizona 5 - Philadelphia 0 |
| BOTTOM OF THE 8TH |
|
Philadelphia Phillies batting - Pitching for Arizona Diamondbacks : LHP Chris Baran
|
|
Pitching: RHP Bill Pauley
|
|
|
Batting: LHB Jose Carlos
|
0-0: Ball 1-0: Ground out 6-3 (Groundball, 56, EV 84.4 MPH)
|
|
Batting: RHB Bill Moldenhauer
|
0-0: Called Strike 0-1: Called Strike 0-2: Foul Ball, location: 2F 0-2: SINGLE (Groundball, 4M, EV 103.1 MPH) (infield hit)
|
|
Batting: RHB Mark Schultz
|
0-0: Ball 1-0: Called Strike 1-1: SINGLE (Groundball, 56D, EV 103.8 MPH) Bill Moldenhauer to second
|
|
Batting: SHB Phuck II
|
0-0: Called Strike 0-1: Foul Ball, location: 2F 0-2: Ball 1-2: Foul Ball, location: 2F 1-2: Ball 2-2: Strikes out swinging
|
|
Batting: LHB Danny Hill
|
0-0: Foul Ball, location: 2F 0-1: Called Strike 0-2: Ball 1-2: Foul Ball, location: 2F 1-2: Fly out, F8 (Flyball, 78XD, EV 93.8 MPH)
|
| Bottom of the 8th over - 0 runs, 2 hits, 0 errors, 2 left on base; Arizona 5 - Philadelphia 0 |
| TOP OF THE 9TH |
|
Arizona Diamondbacks batting - Pitching for Philadelphia Phillies : RHP Ben Clayton
|
|
Pitching: RHP Victor Hurtado
|
|
|
Batting: RHB Ji-an Li
|
0-0: Swinging Strike 0-1: Swinging Strike 0-2: Strikes out swinging
|
|
Batting: RHB Bob Najar
|
0-0: Ball 1-0: Ground out 5-3 (Groundball, 56S, EV 83.1 MPH)
|
|
Batting: LHB Jeff Densmore
|
0-0: Swinging Strike 0-1: Ball 1-1: Ball 2-1: Ball 3-1: Base on Balls
|
|
Pinch Hitting: RHB Edgar Garcia
|
0-0: Called Strike 0-1: Foul Ball, location: 2F 0-2: Foul Ball, location: 2F 0-2: 2-RUN HOME RUN (Flyball, 7D, EV 105.6 MPH), Distance : 405 ft
|
|
Pinch Hitting: LHB Bobby Arevalo
|
0-0: Ball 1-0: Ground out 4-3 (Groundball, 4, EV 81.2 MPH)
|
| Top of the 9th over - 2 runs, 1 hit, 0 errors, 0 left on base; Arizona 7 - Philadelphia 0 |
| BOTTOM OF THE 9TH |
|
Philadelphia Phillies batting - Pitching for Arizona Diamondbacks : RHP Bill Pauley
|
|
Pitching: LHP Afanasy Apatenko
|
|
|
Now at 1B: Bobby Arevalo
|
|
|
Now at 2B: Edgar Garcia
|
|
|
Now at 3B: Dusty Thompson
|
|
|
Now at SS: Steve Reinhart
|
|
|
Batting: RHB Alberto Ramirez
|
0-0: Called Strike 0-1: Fly out, F8 (Flyball, 8LM, EV 76.9 MPH)
|
|
Batting: SHB Benjamin Brown
|
0-0: Ball 1-0: Ball 2-0: Swinging Strike 2-1: Ground out 5-3 (Groundball, 56D, EV 88.8 MPH)
|
|
Batting: RHB Moritake Fukumoto
|
0-0: SINGLE (Groundball, 56D, EV 103.8 MPH)
|
|
Batting: RHB Carlos Morejon
|
0-0: Foul Ball, location: 2F 0-1: Ball 1-1: Ball 2-1: Foul Ball, location: 2F 2-2: DOUBLE (Flyball, 8RXD, EV 92.5 MPH) Moritake Fukumoto to third
|
|
Batting: LHB Jose Carlos
|
0-0: Called Strike 0-1: Ball 1-1: Ball 2-1: Called Strike 2-2: Ground out 4-3 (Groundball, 4, EV 88.8 MPH)
|
| Bottom of the 9th over - 0 runs, 2 hits, 0 errors, 2 left on base; Arizona 7 - Philadelphia 0 |
|